[Event "*** Titled Tuesday 3|2 Blitz"]
[Site "Chess.com"]
[Date "2015.11.03"]
[Round "1"]
[White "bugsbunny444"]
[Black "gauranga"]
[Result "1/2-1/2"]
[WhiteElo "2335"]
[BlackElo "2056"]
[TimeControl "180+2"]
[EndTime "17:10:58 PST"]
[Termination "Game drawn by repetition"]

1. Nf3 b6 2. g3 Bb7 3. Bg2 e6 4.
O-O f5 5. d4 Nf6 6. c4 g6 7. Nc3 Bb4 8. Bh6 Ng4 9. Bg5 Be7 10.
Bxe7 Qxe7 11. h3 Nf6 12. Nb5 d6 13. Re1 a6 14. Nc3 O-O 15. d5 exd5 16. cxd5 Nbd7 17. Nd4 Nc5 18. b4 Nce4 19. Nxe4 Nxe4 20. Ne6 Rfe8 21. Rc1 Rac8 22. Qd4 Bxd5 23. Rxc7 Rxc7 24. Nxc7 Qxc7 25. Qxd5+ Qf7 26. Bxe4 Rxe4 27. Qxd6 Qxa2 28. Qxb6 Rxe2 29. Qd8+ Kf7 30. Qd7+ Kg8 31. Qd8+ Kf7 32. Qd7+ Kg8 33. Rxe2 Qxe2 34. Qc8+ Kg7 35. Qc7+ Kg8 36. Qc8+ Kg7 37. Qb7+ Kg8 38. h4 Qd3 39. Qc8+ Kg7 40.
Qb7+ Kg8 41. Kg2 Qe2 42. Qc8+ Kg7 43. Qb7+ Kg8 44. h5 Qb5 45. Qc8+ Kg7 46. Qc7+ Kg8 47. h6 Qd5+ 48. Kh2 Qf7 49. Qd8+ Qf8 50. Qd5+ Qf7 51. Qa8+ Qf8 52. Qd5+ Qf7 53. Qe5 g5 54. Qb8+ Qf8 55.
Qb6 f4 56. Qe6+ Qf7 57. Qxa6 fxg3+ 58. Kxg3 Qf4+ 59. Kg2 Qg4+ 60. Kh2 Qh4+ 61. Kg1 Qg4+ 62. Kf1 Qd1+ 63. Kg2 Qg4+ 64. Kh1 Qh4+ 65. Kg1 Qg4+ 66. Kh2 Qh4+ 67. Kg2 Qg4+ 68. Kf1 Qd1+ 69. Kg2 Qg4+ 70. Kf1 Qd1+ 71. Kg2 Qg4+ 1/2-1/2

[Event "*** Titled Tuesday 3|2 Blitz"]
[Site "Chess.com"]
[Date "2015.11.03"]
[Round "1"]
[White "Aygehovit1992"]
[Black "spirals5"]
[Result "1-0"]
[WhiteElo "2475"]
[BlackElo "2195"]
[TimeControl "180+2"]
[EndTime "17:11:09 PST"]
[Termination "Aygehovit1992 won by resignation"]

1. e4 c5 2. Nf3 d6 3. d4 cxd4 4. Nxd4 Nf6 5. Nc3 a6 6. h3 e5 7. Nf3 h6 8. Be3 Be6 9. Nd2 Nbd7 10. a4 Be7 11. Bc4 Rc8 12. Bxe6 fxe6 13. O-O O-O 14. Qe2 Qc7 15. a5 d5 16. exd5 exd5 17. Bb6 Nxb6 18. axb6 Qb8 19. Nf3 Bd6 20. Rad1 d4 21.
Ne4 Nxe4 22. Qxe4 Rc6 23. c3 Rxb6 24. cxd4 exd4 25. Rxd4 Qe8 26. Qd3 Bb8 27. b4 Rbf6 28. Re1 Qc8 29. Rd7 R6f7 30. Rxf7 Rxf7 31. b5 axb5 32. Qxb5 Rf8 33. Qd5+ Kh7 34. Rb1 Qc6 35. Qb3 Rc8 36. g3 Rf8 37. Nd4 Qf6 38. Qc2+ Kh8 39.
Nb5 Qf3 40. Rb3 Qf5 41. Qxf5 Rxf5 42. Nd4 Rf7 43. Kg2 Ba7 44. Nf3 Re7 45. h4 Kh7 46.
Rb2 Bc5 47. h5 b6 48. Nh4 Re5 49. g4 Re4 50. f3 Re8 51. Ng6 Ra8 52. f4 Kg8 53.
Kf3 Kf7 54. Rc2 Ra3+ 55. Ke4 Ra4+ 56. Kf5 Ra5 57. Ne5+ Ke8 58. Rd2 Ra4 59. Nc6 Ra3 60.
Rd8+ Kf7 61. Ne5+ Ke7 62. Rd7+ Ke8 63. Rxg7 Bf8 64. Rb7 Rb3 65. Rb8+ Ke7 66. Ng6+ Kd6 67. Nxf8 Kc7 68. Re8 b5 69. g5 hxg5 70. fxg5 Rh3 71. h6 b4 72. Ne6+ Kd7 73. Rb8 b3 74. Nf4 Rf3 75.
h7 1-0

[Event "*** Titled Tuesday 3|2 Blitz"]
[Site "Chess.com"]
[Date "2015.11.03"]
[Round "2"]
[White "Dlugy"]
[Black "Izoria123"]
[Result "1/2-1/2"]
[WhiteElo "2571"]
[BlackElo "2454"]
[TimeControl "180+2"]
[EndTime "17:13:42 PST"]
[Termination "Game drawn by agreement"]

1. d4 d5 2. Bf4 Bg4 3. h3 Bh5 4. Nd2 c6 5. Ngf3 Nd7 6. e3 e6 7.
Bd3 Ngf6 8. O-O Be7 9. c4 a5 10. Qc2 Bg6 11. Rfc1 O-O 12. Bxg6 hxg6 13. e4 Nxe4 14.
Nxe4 dxe4 15. Qxe4 Qb6 16. c5 Qd8 1/2-1/2

[Event "*** Titled Tuesday 3|2 Blitz"]
[Site "Chess.com"]
[Date "2015.11.03"]
[Round "2"]
[White "kharposh"]
[Black "steinitz_attack"]
[Result "1-0"]
[WhiteElo "2081"]
[BlackElo "1794"]
[TimeControl "180+2"]
[EndTime "17:14:45 PST"]
[Termination "kharposh won by resignation"]

1. e4 Nf6 2. e5 Nd5 3. d4 d6 4. exd6 cxd6 5. c4 Nb6 6. Nf3 g6 7. b3 Bg7 8. Bb2 O-O 9. Nbd2 Bg4 10. h3 Bd7 11. Bd3 Nc6 12. O-O e5 13. d5 Ne7 14.
Ba3 Bf5 15. Qc2 Bxd3 16. Qxd3 e4 17. Nxe4 Bxa1 18. Rxa1 Nbc8 19. Nf6+ Kg7 20. Bb2 Re8 21. Nxe8+ Kf8 22. Nf6 1-0

[Event "*** Titled Tuesday 3|2 Blitz"]
[Site "Chess.com"]
[Date "2015.11.03"]
[Round "2"]
[White "MMSANCHEZ"]
[Black "ZEN-22"]
[Result "0-1"]
[WhiteElo "2307"]
[BlackElo "2167"]
[TimeControl "180+2"]
[EndTime "17:15:46 PST"]
[Termination "ZEN-22 won by resignation"]

1. d4 d6 2. Nf3 Nf6 3. c4 Nbd7 4. Nc3 e5 5. e4 g6 6. h3 Bg7 7.
d5 O-O 8. Be3 Nh5 9. g3 h6 10.
Bg2 f5 11. exf5 gxf5 12. Nh4 Nf4 13. O-O Nxg2 14. Nxg2 f4 15. gxf4 exf4 16. Bxf4 Ne5 17. b3 Bxh3 18. f3 Bxg2 19. Kxg2 Rxf4 20. Ne4 Nxf3 21.
Rxf3 Rxe4 22. Qd3 Rg4+ 23. Kf2 Bxa1 24. Qf5 Qg5 25. Qe6+ Kh8 26. Rf7 Rf4+ 27. Ke2 Rxf7 28. Qxf7 Rg8 29. Qxc7 Qe5+ 30. Kd3 Rg3+ 31. Kc2 Qc3+ 32.
Kd1 Rg1+ 33. Ke2 Rg2+ 34. Kf1 Qf3+ 0-1

[Event "*** Titled Tuesday 3|2 Blitz"]
[Site "Chess.com"]
[Date "2015.11.03"]
[Round "2"]
[White "Cryptochess"]
[Black "jcgs1030"]
[Result "1-0"]
[WhiteElo "2421"]
[BlackElo "2151"]
[TimeControl "180+2"]
[EndTime "17:16:49 PST"]
[Termination "Cryptochess won by resignation"]

1. e4 c5 2. d4 cxd4 3. c3 Nf6 4. e5 Nd5 5. Nf3 e6 6. Bc4 Nb6 7. Bb3 d5 8. cxd4 Bd7 9. Nc3 Bb4 10. O-O Bxc3 11. bxc3 Bb5 12. Re1 Nc6 13. Ba3 Nc4 14. Bxc4 Bxc4 15. Qd2 Rc8 16. h4 h6 17. Qf4 Ne7 18.
h5 O-O 19. g4 Bd3 20. Rac1 Re8 21. Kh2 Be4 22. Rg1 Bxf3 23. Qxf3 Qa5 24. Bb4 Qxa2 25. Ra1 Qc2 26. Rxa7 Nc6 27. Rxb7 Rf8 28. Bxf8 Rxf8 29. Ra1 f5 30. exf6 Rxf6 31. Ra8+ 1-0

[Event "*** Titled Tuesday 3|2 Blitz"]
[Site "Chess.com"]
[Date "2015.11.03"]
[Round "2"]
[White "jcibarra"]
[Black "fastestmindalive"]
[Result "1-0"]
[WhiteElo "2544"]
[BlackElo "2325"]
[TimeControl "180+2"]
[EndTime "17:17:06 PST"]
[Termination "jcibarra won by resignation"]

1. e4 c5 2. Nf3 g6 3. d4 cxd4 4. Nxd4 Nc6 5. Nc3 Bg7 6. Be3 Nf6 7. Bc4 O-O 8. Bb3 a5 9. O-O a4 10. Nxa4 Nxe4 11. Nb5 d5 12. Bb6 Qd7 13. Qe2 e6 14.
Rad1 h5 15. c4 Nf6 16. Bc5 Qd8 17. Nb6 Ra5 18. cxd5 exd5 19. Nxd5 Nxd5 20. Bxd5 Qg5 21. Bxf8 Kxf8 22. Nd6 Bd7 23. Rfe1 Be5 24. Nxf7 1-0

[Event "*** Titled Tuesday 3|2 Blitz"]
[Site "Chess.com"]
[Date "2015.11.03"]
[Round "2"]
[White "AlexanderL"]
[Black "SerGo055"]
[Result "0-1"]
[WhiteElo "2553"]
[BlackElo "2418"]
[TimeControl "180+2"]
[EndTime "17:17:14 PST"]
[Termination "SerGo055 won by checkmate"]

1. d4 d6 2. e4 e6 3. Nc3 g6 4. h4 h6 5. h5 g5 6. f4 gxf4 7.
Bxf4 Nc6 8. Nf3 Bg7 9. d5 Ne5 10. Nxe5 Bxe5 11. Bxe5 dxe5 12. Bb5+ Kf8 13. O-O Qg5 14.
Qf3 Rh7 15. Rad1 a6 16. Bc4 exd5 17. Bxd5 Bg4 18. Qf2 Bxd1 19. Nxd1 Kg7 20. Bxb7 Rd8 21. Qxf7+ Kh8 22. Qf3 Rd2 23. Ne3 Rg7 24. Bxa6 Qxe3+ 25. Qxe3 Rgxg2+ 26. Kh1 Rh2+ 27. Kg1 Rdg2# 0-1

[Event "*** Titled Tuesday 3|2 Blitz"]
[Site "Chess.com"]
[Date "2015.11.03"]
[Round "2"]
[White "Malev212"]
[Black "ilmago"]
[Result "1-0"]
[WhiteElo "2286"]
[BlackElo "1920"]
[TimeControl "180+2"]
[EndTime "17:17:16 PST"]
[Termination "Malev212 won by resignation"]

1. d4 Nf6 2. c4 g6 3. Nc3 Bg7 4. e4 d6 5. Be2 O-O 6. Nf3 e5 7. O-O Nc6 8. d5 Ne7 9. a4 a5 10. Ne1 Nd7 11. Nd3 f5 12. Bd2 Kh8 13. f3 f4 14. Nb5 g5 15. b4 axb4 16. Bxb4 Ng6 17. c5 dxc5 18. Nxc5 Nxc5 19. Bxc5 Rf6 20. Rc1 Rfa6 21. Bf2 Rxa4 22. Nxc7 R8a5 23. Bb6 Bf8 24. Kh1 h5 25. Bxa5 Rxa5 26. Ne6 Bxe6 27. dxe6 Qe7 28.
Qd7 Ra2 29. Bc4 g4 30. Qxe7 Bxe7 31. Bxa2 1-0

[Event "*** Titled Tuesday 3|2 Blitz"]
[Site "Chess.com"]
[Date "2015.11.03"]
[Round "2"]
[White "ItalianMachine"]
[Black "Viaje"]
[Result "1-0"]
[WhiteElo "2260"]
[BlackElo "2212"]
[TimeControl "180+2"]
[EndTime "17:17:22 PST"]
[Termination "ItalianMachine won by resignation"]

1. e4 c5 2. Nc3 a6 3. a4 Nc6 4. Nf3 e6 5. d4 cxd4 6. Nxd4 d6 7. Be3 Nf6 8. f3 Bd7 9. Qd2 Be7 10. Be2 O-O 11. g4 Nxd4 12. Bxd4 b5 13. axb5 axb5 14. Rxa8 Qxa8 15. O-O b4 16. Nd1 e5 17. Bf2 Rb8 18. Ne3 Be6 19. b3 d5 20. g5 d4 21. Nc4 Nd7 22. Bg3 Rb5 23. Bd3 Qd8 24. h4 Rc5 25. f4 exf4 26. Qxf4 f6 27. gxf6 Nxf6 28. Bf2 Ng4 29.
Bg3 h6 30. e5 Bxh4 31. Qe4 Nf6 32. exf6 Bxf6 33. Qxe6+ 1-0

[Event "*** Titled Tuesday 3|2 Blitz"]
[Site "Chess.com"]
[Date "2015.11.03"]
[Round "2"]
[White "Kanthecarowin"]
[Black "Tesla17"]
[Result "1-0"]
[WhiteElo "2160"]
[BlackElo "2216"]
[TimeControl "180+2"]
[EndTime "17:17:29 PST"]
[Termination "Kanthecarowin won by resignation"]

1. d4 Nf6 2. c4 g6 3. Nc3 d5 4. Nf3 Bg7 5. Bg5 Ne4 6. cxd5 Nxg5 7. Nxg5 e6 8. Qd2 exd5 9. Qe3+ Kf8 10. Qf4 Bf6 11.
h4 h6 12. Nxd5 Bxg5 13. Qe5 f6 14. Qxc7 Nc6 15. Qxd8+ Nxd8 16. hxg5 fxg5 17. e3 Be6 18. Nc7 Rc8 19. Nxe6+ Nxe6 20. Bd3 Kg7 21. Kd2 g4 22. Rac1 h5 23. Rxc8 Rxc8 24. Rc1 Rxc1 25. Kxc1 h4 26. Be4 b6 27. Kd2 Ng5 28. Ba8 Kf6 29. Kd3 Kf5 30.
e4+ Kf6 31. e5+ Kf5 32. Ke2 Ne6 33. Ke3 Nf4 34. g3 g5 35. gxf4 gxf4+ 36. Ke2 f3+ 37. Bxf3 1-0

[Event "*** Titled Tuesday 3|2 Blitz"]
[Site "Chess.com"]
[Date "2015.11.03"]
[Round "2"]
[White "spirals5"]
[Black "Anton_Demchenko"]
[Result "1/2-1/2"]
[WhiteElo "2209"]
[BlackElo "2638"]
[TimeControl "180+2"]
[EndTime "17:19:02 PST"]
[Termination "Game drawn by repetition"]

1. e4 e5 2. Nf3 Nc6 3. Bb5 a6 4. Ba4 d6 5. O-O Bd7 6. c3 g6 7. d4 Bg7 8. Re1 Nge7 9. dxe5 dxe5 10. Be3 O-O 11. Nbd2 b6 12. Nf1 Qe8 13. Ng3 Kh8 14. Bc2 f6 15. Qd2 Rd8 16. Bh6 Bg4 17. Bxg7+ Kxg7 18. Qe3 Na5 19. b3 Nb7 20. h3 Be6 21. Rad1 Nd6 22. Bb1 a5 23. Rd2 a4 24. c4 axb3 25. axb3 Nb7 26. Red1 Rxd2 27. Qxd2 c5 28. Ne2 Nc6 29. Nc3 Nd4 30. Nxd4 exd4 31. Nd5 Qc6 32. Bd3 Ra8 33. Qf4 Bxd5 34. exd5 Qd6 35. Qe4 f5 36. Qe2 Qf6 37. Re1 Nd6 38. Qe7+ Qxe7 39. Rxe7+ Kh6 40.
Re6 Rd8 41. g3 Kg7 42. Kg2 Kf7 43. h4 Rd7 44. Kf1 Nc8 45. Rc6 Rd8 46. Rc7+ Kg8 47. Rc6 Kf8 48. Ke1 Kf7 49. Kd2 Kf8 50. Rc7 Kg8 51. Rc6 Kf7 52. Rc7+ Kg8 53. Rc6 Kf7 54. Rc7+ Kg8 1/2-1/2

[Event "*** Titled Tuesday 3|2 Blitz"]
[Site "Chess.com"]
[Date "2015.11.03"]
[Round "2"]
[White "Boryboy"]
[Black "Aygehovit1992"]
[Result "1-0"]
[WhiteElo "2479"]
[BlackElo "2467"]
[TimeControl "180+2"]
[EndTime "17:19:14 PST"]
[Termination "Boryboy won by resignation"]

1. d4 d6 2. Nf3 g6 3. g3 Bg7 4. Bg2 Nf6 5. O-O O-O 6. Re1 Ne4 7. c3 c5 8. Nbd2 Nxd2 9. Bxd2 Nc6 10. dxc5 dxc5 11. Be3 Qb6 12. Qb3 Na5 13. Qa3 Nc4 14. Qxc5 Qxc5 15. Bxc5 Nxb2 16. Nd4 Na4 17. Bxe7 Re8 18.
Ba3 Nxc3 19. e3 Ne4 20. Rad1 Bd7 21. Rc1 Rac8 22. Rxc8 Bxc8 23. Rc1 f5 24. Bf1 Bxd4 25. exd4 Be6 26. f3 Nf6 27. Rc7 Bxa2 28. Rxb7 a5 29. Ra7 Re1 30. Kf2 Rd1 31. Rxa5 Rd2+ 32. Kg1 Bd5 33. Be7 Rd1 34. Kf2 Rd2+ 35. Ke3 Rf2 1-0

[Event "*** Titled Tuesday 3|2 Blitz"]
[Site "Chess.com"]
[Date "2015.11.03"]
[Round "2"]
[White "GrigorGrigorov"]
[Black "AdrianaNikolova"]
[Result "1/2-1/2"]
[WhiteElo "2406"]
[BlackElo "2209"]
[TimeControl "180+2"]
[EndTime "17:19:43 PST"]
[Termination "Game drawn by repetition"]

1. d4 d5 2. Nf3 Nf6 3. c4 c6 4. Nbd2 Bf5 5. Nh4 Be4 6. e3 e6 7.
Be2 Nbd7 8. Nxe4 Nxe4 9. Nf3 Bb4+ 10. Nd2 Qa5 11. a3 Bxd2+ 12. Bxd2 Nxd2 13. Qxd2 Qxd2+ 14. Kxd2 dxc4 15. Bxc4 c5 16. dxc5 Nxc5 17. Ke2 Ke7 18.
Rac1 Rac8 19. Rc2 Ne4 20. Rhc1 Nd6 21. Bd3 Rxc2+ 22. Rxc2 Rc8 23. Rxc8 Nxc8 24. f4 h6 25. g4 Nb6 26. h4 Na4 27. b3 Nc5 28. Bc2 f6 29. b4 Nd7 30. Be4 b6 31. Kd3 Kd6 32.
Kc4 e5 33. h5 exf4 34. exf4 Nf8 35. Bf5 a6 36. a4 Ne6 37. Bxe6 Kxe6 38. a5 bxa5 39.
bxa5 Kd6 40. Kd4 Kc6 41. Ke4 Kd6 42. g5 fxg5 43. fxg5 hxg5 44. Kf5 Kd7 45. Kxg5 Ke7 46. Kf5 Kf7 47. Ke5 Ke7 48. Kd5 Kd7 49. Kc5 Kc7 50.
Kd5 Kd7 51. Ke5 Ke7 52. Kf5 Kf7 53. Kg5 Ke7 54. Kg6 Kf8 55. Kg5 Ke7 56. Kg6 Kf8 57. Kg5 Ke7 58. Kf5 Kf7 59. Kg5 Ke7 1/2-1/2

[Event "*** Titled Tuesday 3|2 Blitz"]
[Site "Chess.com"]
[Date "2015.11.03"]
[Round "2"]
[White "gauranga"]
[Black "saraswathii"]
[Result "0-1"]
[WhiteElo "2023"]
[BlackElo "1910"]
[TimeControl "180+2"]
[EndTime "17:19:57 PST"]
[Termination "saraswathii won by checkmate"]

1. b3 Nf6 2. Bb2 Nc6 3. Nf3 g6 4. Bxf6 exf6 5. c4 Bg7 6. Nc3 O-O 7. g3 d6 8. Bg2 f5 9. e3 Re8 10. O-O Ne7 11. d4 c6 12. Rb1 Be6 13. Ng5 Bd7 14.
b4 h6 15. Nf3 a5 16. b5 Qc7 17. Qd3 Rac8 18. Rfc1 h5 19. a4 Bf6 20. h4 Kg7 21. Nd2 Ng8 22. Nb3 Nh6 23. b6 Qd8 24. Nxa5 Rb8 25. c5 d5 26. Nb3 Ng4 27. a5 Bxh4 28. gxh4 Qxh4 29. Nd1 f4 30. e4 dxe4 31. Bxe4 f3 32. Bxf3 Bf5 33. Qc3 Qh2+ 34. Kf1 Nf6 35. d5 Bh3+ 36. Bg2 Qxg2# 0-1

[Event "*** Titled Tuesday 3|2 Blitz"]
[Site "Chess.com"]
[Date "2015.11.03"]
[Round "2"]
[White "Fh2411"]
[Black "bugsbunny444"]
[Result "1-0"]
[WhiteElo "2320"]
[BlackElo "2326"]
[TimeControl "180+2"]
[EndTime "17:20:15 PST"]
[Termination "Fh2411 won by resignation"]

1. d4 e6 2. Nf3 d5 3. g3 Nf6 4.
Bg2 b5 5. O-O Bb7 6. a4 a6 7. Ne5 Nbd7 8. Bf4 Bd6 9. Nd3 O-O 10.
Nd2 Qe7 11. Nb3 e5 12. dxe5 Nxe5 13. Nxe5 Bxe5 14. Bxe5 Qxe5 15. c3 Rfe8 16. e3 Ne4 17.
Qd4 Qe7 18. Na5 c5 19. Qd1 Rad8 20. Nxb7 Qxb7 21. Qc2 f5 22. Rfd1 g6 23. axb5 axb5 24. Qb3 Kg7 25. Bf1 c4 26. Qb4 Ra8 27. Bg2 Kf7 28.
h4 Rxa1 29. Rxa1 Ra8 30. Rxa8 Qxa8 31. Bxe4 fxe4 32. Qxb5 Qa1+ 33. Kh2 Qd1 34. Qd7+ Kg8 35. Qe6+ Kg7 36. Qe7+ Kg8 37. Qd7 Qd2 38. Kg2 h5 39.
Qe6+ Kg7 40. Qe7+ Kg8 41. Qf6 Kh7 42. Qf7+ Kh6 43. Qg8 1-0

[Event "*** Titled Tuesday 3|2 Blitz"]
[Site "Chess.com"]
[Date "2015.11.03"]
[Round "2"]
[White "Noukii"]
[Black "LePlusMortel"]
[Result "1-0"]
[WhiteElo "2634"]
[BlackElo "2434"]
[TimeControl "180+2"]
[EndTime "17:20:27 PST"]
[Termination "Noukii won by resignation"]

1. d4 Nf6 2. c4 c5 3. d5 e6 4.
Nc3 exd5 5. cxd5 Bd6 6. Nf3 O-O 7. Bg5 Re8 8. e3 a6 9. a4 Bf8 10. d6 Re6 11. Bc4 Rxd6 12. Qb3 Re6 13. O-O Nc6 14. Bxe6 fxe6 15. Rad1 d5 16. e4 d4 17. e5 h6 18.
Bh4 g5 19. exf6 gxh4 20. Ne4 Qd5 21. Qc2 h3 22. Ng3 Ne5 23. Rfe1 Nxf3+ 24. gxf3 Qxf3 25. Qg6+ Kh8 26. Nh5 Bd7 27. Rd3 Qf5 28. Qxf5 exf5 29. Rg3 Be8 30. Nf4 Bd6 31. Rg7 Bxf4 32. Ree7 Bg6 33.
Rxg6 Rg8 34. Rgg7 Rxg7+ 35. fxg7+ Kg8 36. Rxb7 d3 37. Rd7 d2 38. Kf1 c4 39. Ke2 Bxh2 40.
Rxd2 Be5 41. Kf3 Kxg7 42. Rc2 Kf6 43. Rxc4 Kg5 44. b4 Bd6 45. b5 axb5 46. axb5 Kf6 47. b6 Ke5 48. b7 Kd5 49. Rc8 1-0

[Event "*** Titled Tuesday 3|2 Blitz"]
[Site "Chess.com"]
[Date "2015.11.03"]
[Round "2"]
[White "WanderingPuppet"]
[Black "ArnaudovP"]
[Result "1/2-1/2"]
[WhiteElo "2163"]
[BlackElo "2317"]
[TimeControl "180+2"]
[EndTime "17:21:02 PST"]
[Termination "Game drawn by repetition"]

1. e4 c5 2. Nf3 Nc6 3. d4 cxd4 4. Nxd4 g6 5. c4 Bg7 6. Be3 Nf6 7. Nc3 O-O 8. Be2 b6 9. O-O Bb7 10. Rc1 Qb8 11.
f3 Rd8 12. Nb3 e6 13. c5 bxc5 14. Nxc5 Bc8 15. b3 d5 16. exd5 Nxd5 17. Nxd5 exd5 18.
Qd2 d4 19. Bf4 Qb6 20. Kh1 Bf5 21. Na4 Qb7 22. Nc5 Qb6 23. Na4 Qb7 24. Nc5 Qe7 25.
Ba6 Ne5 26. Rfe1 Rd5 27. Bb7 Rxc5 28. Bxa8 Rxc1 29. Qxc1 h5 30. Bxe5 Bxe5 31. f4 Qd8 32. Rxe5 Qxa8 33. Qd2 d3 34. Rxf5 gxf5 35. Qxd3 Qe4 36.
Qg3+ Kh7 37. h3 f6 38. a4 a5 39. Kh2 Kh6 40. Qh4 Kg6 41. Qg3+ Kh6 42. Qh4 Qe6 43. Qf2 Qxb3 44. Qd4 Kg6 45. Qd8 Qc4 46. Qe8+ Qf7 47. Qd8 h4 48. Qxa5 Qc4 49. Qd2 Qxa4 50. Qf2 Kh5 51.
Qf3+ Kh6 52. Qf2 Kh5 53. Qf3+ Kg6 54. Qf2 Kh5 55. Qf3+ Kh6 56. Qf2 Kh5 1/2-1/2

[Event "*** Titled Tuesday 3|2 Blitz"]
[Site "Chess.com"]
[Date "2015.11.03"]
[Round "2"]
[White "E-Shaposhnikov"]
[Black "wanyaland"]
[Result "0-1"]
[WhiteElo "2490"]
[BlackElo "2209"]
[TimeControl "180+2"]
[EndTime "17:21:24 PST"]
[Termination "wanyaland won by resignation"]

1. e4 e5 2. Nf3 Nc6 3. Bc4 Nf6 4.
d4 exd4 5. e5 d5 6. Bb5 Ne4 7.
Nxd4 Bd7 8. Bxc6 bxc6 9. O-O Bc5 10. f3 Ng5 11. Be3 O-O 12. Nc3 Ne6 13. Qd2 Bxd4 14. Bxd4 c5 15. Bf2 d4 16. Ne4 Bc6 17. Rae1 Rb8 18. b3 Bb5 19. f4 Bxf1 20. Kxf1 Qd5 21. f5 Nd8 22. Bg3 Re8 23. Qg5 Kh8 24. Qh5 Kg8 25.
Ng5 h6 26. Ne4 Rxe5 27. Bxe5 Qxe5 28. Ng3 Qf4+ 29. Kg1 Nc6 30. Qe2 Qg5 31. a3 a5 32.
Qe4 Qf6 33. Nh5 Qd6 34. Nf4 a4 35. bxa4 c4 36. g3 d3 37. Qxc4 Qd4+ 38. Qxd4 Nxd4 39. Nxd3 Nf3+ 40. Kf2 Nxe1 41. Kxe1 Rb1+ 42. Kd2 Ra1 43. Kc3 Rxa3+ 44. Kb4 Ra2 45. a5 Kf8 46. Nc5 Ke8 47.
Kb5 Kd8 48. c4 Kc8 49. a6 Rxh2 50. Kc6 Ra2 51. g4 g6 52. f6 h5 53. g5 h4 54. Ne4 Rxa6+ 55. Kd5 h3 56. Ng3 h2 57.
Ke4 Ra3 0-1

[Event "*** Titled Tuesday 3|2 Blitz"]
[Site "Chess.com"]
[Date "2015.11.03"]
[Round "2"]
[White "kikydu96"]
[Black "TheLancer"]
[Result "0-1"]
[WhiteElo "2225"]
[BlackElo "2325"]
[TimeControl "180+2"]
[EndTime "17:21:28 PST"]
[Termination "TheLancer won by resignation"]

1. e4 c5 2. c3 g6 3. d4 cxd4 4. cxd4 d5 5. Nc3 Bg7 6. e5 Nc6 7. Nf3 Bg4 8. Be2 e6 9. h3 Bxf3 10. Bxf3 Nge7 11. O-O O-O 12. Bg5 Qb6 13. Ne2 Nf5 14. Be3 Nxe3 15. fxe3 Bh6 16. Qd3 Qa6 17. Rfd1 Qxd3 18. Rxd3 Nb4 19. Rc3 Rfc8 20. Rac1 Rc6 21.
Kf2 Rac8 22. Rxc6 Nd3+ 23. Kf1 Rxc6 24. Rxc6 bxc6 25. Nc3 Nxb2 26. Ke2 Nc4 27. e4 Bf8 28. exd5 exd5 29. Kd3 h5 30. g4 hxg4 31. Bxg4 Nb6 32. a4 Bb4 33. Bd1 Bxc3 34. Kxc3 a5 35. Kb3 Kf8 36. Bg4 Ke7 37. h4 f6 38. h5 gxh5 39.
exf6+ Kxf6 40. Bxh5 Kf5 41. Be8 Ke4 42. Bxc6 Kxd4 43. Ka3 Kc3 44. Bb5 d4 45. Ka2 Kc2 46. Be8 d3 47. Bg6 Kc3 48. Kb1 d2 49. Bc2 Nc4 50.
Bd1 Ne3 51. Be2 Kb4 52. Bd1 Nxd1 53. Kc2 Nc3 54. Kxd2 Kb3 55. Kc1 Ka3 56. Kc2 Nxa4 57. Kb1 Kb3 58. Ka1 Nb6 59. Kb1 a4 60. Ka1 Nd5 61. Kb1 a3 62. Ka1 Ne3 63. Kb1 a2+ 64. Kc1 a1=Q+ 0-1

[Event "*** Titled Tuesday 3|2 Blitz"]
[Site "Chess.com"]
[Date "2015.11.03"]
[Round "2"]
[White "Sadovsky_Artem"]
[Black "ChadaevNikolay"]
[Result "1-0"]
[WhiteElo "2441"]
[BlackElo "2573"]
[TimeControl "180+2"]
[EndTime "17:21:35 PST"]
[Termination "Sadovsky_Artem won on time"]

1. e4 d6 2. Nf3 Nf6 3. Nc3 g6 4.
d4 Bg7 5. Be2 O-O 6. O-O c6 7. a4 Qc7 8. h3 e5 9. Be3 Re8 10. a5 exd4 11. Bxd4 Nxe4 12. Bxg7 Kxg7 13. Nxe4 Rxe4 14. Qd2 Nd7 15. Rad1 d5 16. Bd3 Re7 17. Rfe1 Nf6 18. c4 Be6 19. c5 Rae8 20. b4 h6 21. Qb2 Bc8 22. Rxe7 Qxe7 23. Re1 Qd8 24. Rxe8 Qxe8 25. Qd4 Qe7 26. a6 bxa6 27. Ne5 Bb7 28. Ng4 h5 29. Ne5 Kg8 30. f4 Nd7 31. Nxd7 Qxd7 32.
Qf6 Qe8 33. Kh2 Bc8 34. f5 Kh7 35. Bc2 Bd7 36. Bd3 Qb8+ 37. Kg1 Qe8 38. Kf2 Kh6 39. g4 hxg4 40. hxg4 Kh7 41. Bxa6 d4 42. Bd3 Qe3+ 43.
Kg2 Qd2+ 44. Kg1 Qd1+ 45. Kf2 Qxg4 46. Qxf7+ Kh6 47. Qxg6+ Qxg6 48. fxg6 Kg7 49. Kf3 Kf6 50. Be4 Be8 51. Ke2 a6 52. Kd3 Bxg6 53. Bxg6 Kxg6 54.
Kxd4 Kf6 55. Kc4 Ke6 56. Kc3 Ke5 57. Kb3 Kd4 58. Ka4 1-0

[Event "*** Titled Tuesday 3|2 Blitz"]
[Site "Chess.com"]
[Date "2015.11.03"]
[Round "2"]
[White "Alliswell998"]
[Black "chesstatour"]
[Result "1/2-1/2"]
[WhiteElo "2095"]
[BlackElo "1922"]
[TimeControl "180+2"]
[EndTime "17:22:05 PST"]
[Termination "Game drawn by stalemate"]

1. e4 c6 2. d4 d5 3. exd5 cxd5 4. Bd3 Nc6 5. c3 g6 6. Bf4 Nh6 7. Nf3 Bg7 8. O-O O-O 9. Nbd2 f6 10. Re1 Nf7 11.
Bc2 e5 12. dxe5 fxe5 13. Bg3 e4 14. Nd4 Nxd4 15. cxd4 Bxd4 16. Rb1 Be6 17. Nf1 Qb6 18.
Ne3 Rad8 19. Kh1 Nh6 20. a4 a5 21. h3 Nf5 22. Nxf5 Rxf5 23. Rf1 Bxf2 24. Bxf2 Rxf2 25. Rxf2 Qxf2 26. Bxe4 Qf4 27. Bf3 Kg7 28. Qe1 Re8 29.
Qc3+ Qf6 30. Qxa5 Bxh3 31. Qc3 Qxc3 32. bxc3 Bc8 33. Bxd5 Re7 34. Rb6 Rc7 35. c4 Kf8 36.
Kh2 Ke7 37. a5 Kd8 38. Kg3 Re7 39. Kf4 Kc7 40. Rb2 Re8 41. Kg5 Re7 42. Kf6 Rd7 43. g3 Rd8 44. Kg7 Rd7+ 45. Kh6 Kd6 46. Rb6+ Kc5 47.
Rf6 Kb4 48. Be6 Rc7 49. Bxc8 Rxc8 50. Kxh7 Kxa5 51. Rxg6 Rxc4 52. g4 b5 53. g5 b4 54.
Rh6 b3 55. g6 b2 56. Rh5+ Kb6 57. Rh1 Rc1 58. Rxc1 bxc1=Q 59. g7 Qh1+ 60. Kg6 Qg2+ 61. Kf7 Qf3+ 62. Ke7 Qg4 63. Kf7 Qf5+ 64. Ke7 Qg6 65. Kf8 Qf6+ 66. Kg8 Kc6 67. Kh7 Qh4+ 68. Kg6 Qg4+ 69.
Kf7 Qf5+ 70. Ke7 Qg6 71. Kf8 Qf6+ 72. Kg8 Kd6 73. Kh7 Qh4+ 74. Kg8 Ke7 1/2-1/2

[Event "*** Titled Tuesday 3|2 Blitz"]
[Site "Chess.com"]
[Date "2015.11.03"]
[Round "2"]
[White "Tirantes"]
[Black "Penguininja"]
[Result "1-0"]
[WhiteElo "2239"]
[BlackElo "2145"]
[TimeControl "180+2"]
[EndTime "17:22:42 PST"]
[Termination "Tirantes won by resignation"]

1. c4 c6 2. b3 d5 3. Bb2 Nf6 4.
Nf3 Bf5 5. g3 e6 6. Bg2 Nbd7 7.
O-O Be7 8. d3 h6 9. Nbd2 O-O 10.
Re1 a5 11. e4 Bh7 12. a3 Nc5 13. Ne5 dxe4 14. dxe4 Nd3 15. Nxd3 Qxd3 16. Re3 Qd7 17. Qc2 Rfd8 18. Bc3 Ng4 19. Re2 Bc5 20. Nf3 Qd3 21. Ne1 Qxc2 22. Rxc2 Rd7 23. h3 Nf6 24. Re2 Rad8 25. Kf1 Bb6 26. Rc1 Ne8 27. e5 Nc7 28. Be4 Bxe4 29. Rxe4 Na6 30. b4 Kf8 31. Ke2 g6 32. h4 Kg7 33. Rc2 axb4 34. axb4 Bd4 35. Bd2 c5 36. b5 Nc7 37. Ra2 Na8 38. Ba5 Rc8 39. Nf3 b6 40. Bd2 Rb7 41. Nxd4 cxd4 42. Rxd4 Rbc7 43. Ra4 Rb7 44. Kd3 Kf8 45. Rd6 Ke8 46.
Bxh6 Nc7 47. Be3 Na8 48. g4 Ke7 49. h5 gxh5 50. Bg5+ f6 51. Bxf6+ Kf7 52. gxh5 Nc7 53. Ra1 Ne8 54. Rd4 Rbc7 55. Bg5 Kg7 56. Rg1 Kh7 57. Be3 Ng7 58. Rdg4 Nf5 59. Rg6 Rxc4 60. Bxb6 Rc3+ 61. Ke2 Rc2+ 62. Kf3 R8c3+ 63. Be3 Nh4+ 64. Kf4 Rc4+ 65. Kg5 Nf3+ 66. Kf6 Nxg1 67. Rxg1 Rb2 68. b6 Rc6 69. Rg7+ Kh8 70. Re7 Rb1 71. b7 Rb3 72. Re8+ Kh7 73. b8=Q Rxb8 74. Rxb8 Rc7 75. h6 Rd7 76. Kxe6 Rc7 77. Rd8 Rb7 78. Rd7+ Kg6 79.
Rxb7 Kh5 80. h7 Kg4 1-0